 Dungeon Crawl Stone Soup version 0.28-a0-245-g639a1a48b9 (webtiles) character file.

Game seed: 4760297464414725223

1302 theanonym the Martial Artist (level 8, -4/76 HPs)
             Began as an Octopode Monk on Aug 25, 2021.
             Was an Elder of Hepliaklqana.
             Slain by a vampire mosquito (7 damage)
             ... on level 5 of the Dungeon.
             The game lasted 00:05:55 (6321 turns).

theanonym the Martial Artist (Octopode Monk)        Turns: 6321, Time: 00:05:56

Health: -4/76      AC:  1    Str: 12    XL:     8   Next: 57%
Magic:  6/8        EV: 14    Int: 13    God:    Hepliaklqana [****..]
Gold:   255        SH:  5    Dex: 14    Spells: 7/7 levels left

rFire   . . .      SeeInvis .     - Unarmed
rCold   . . .      Faith    .   h - +0 buckler
rNeg    . . .      Spirit   .   (helmet restricted)
rPois   .          Reflect  .   (no amulet)
rElec   .          Harm     .   f - ring of resist corrosion
rCorr   +          Rampage  .   (no ring)
Will    .....                   (no ring)
Stlth   ..........              (no ring)
HPRegen 0.22/turn               (no ring)
MPRegen 0.11/turn               (no ring)
                                (no ring)
                                (no ring)

@: berserking, marked, very quick
A: reduced essence, almost no armour, amphibious, 8 rings, camouflage 1,
gelatinous body 1, (nimble swimmer 1), tentacles
a: Renounce Religion, Recall Ancestor, Ancestor Identity, Transference, Idealise


Innate Abilities, Weirdness & Mutations

Your life essence is reduced to manifest your ancestor. (-10% HP)
You cannot wear most types of armour.
You are amphibious.
You can wear up to eight rings at the same time.
Your skin changes colour to match your surroundings (Stealth+).
Your rubbery body absorbs attacks. (AC +1, EV +1)
((You are camouflaged near water. (Stealth+)))
You have tentacles for arms and can constrict up to eight enemies at once.


   Skills:
 + Level 6.1 Fighting
 - Level 3.0 Dodging
 - Level 2.6 Stealth
 - Level 4.0 Shields
 * Level 8.1 Unarmed Combat


You had 7 spell levels left.
You didn't know any spells.
Your spell library contained the following spells:

 Spells                   Type           Power      Damage    Failure   Level
 Apportation              Tloc           0%         N/A       30%         1
 Summon Small Mammal      Summ           0%         N/A       30%         1
 Call Canine Familiar     Summ           0%         N/A       67%         3
 Portal Projectile        Hex/Tloc       0%         N/A       67%         3
 Summon Guardian Golem    Hex/Summ       0%         N/A       67%         3
 Leda's Liquefaction      Hex/Erth       0%         N/A       97%         4
 Alistair's Intoxication  Tmut/Pois      0%         N/A       100%        5
 Invisibility             Hex            0%         N/A       100%        6

Skill      XL: |  1  2  3  4  5  6  7  8 |
---------------+-------------------------+-----
Shields        | 1 3 4 |  4.0
Unarmed Combat | 4 5 6 8 |  8.1
Fighting       | 4 5 6 |  6.1
Dodging        | |  3.0
Stealth        | |  2.6

Action                   |  1- 3 |  4- 6 |  7- 9 || total
-------------------------+-------+-------+-------++-------
Melee: Unarmed           |    40 |   103 |    82 ||   225
       Constrict         |     6 |    33 |    25 ||    64
       Tentacles         |     4 |    20 |    16 ||    40
       Punch             |     1 |     6 |     7 ||    14
Invok: Ancestor Life: He |       |     1 |       ||     1
       Recall Ancestor   |       |       |     3 ||     3
  Use: Potion            |     2 |     4 |     1 ||     7
       Scroll            |       |       |     1 ||     1
 Stab: Sleeping          |    10 |    12 |     4 ||    26
       Confused          |       |     1 |     2 ||     3
       Distracted        |       |       |     1 ||     1
Armor: Skin              |     9 |     2 |     2 ||    13
Dodge: Dodged            |    19 |    38 |    41 ||    98
Block: Buckler           |     5 |    13 |    18 ||    36

Inventory:

Armour
 h - a +0 buckler (worn)
Jewellery
 f - a ring of resist corrosion (left tentacle)
Scrolls
 b - a scroll of fear {unknown}
 d - 2 scrolls of noise {unknown}
 g - a scroll of amnesia {unknown}
 i - a scroll of silence {unknown}
 k - a scroll of identify {unknown}
 l - 2 scrolls of enchant weapon {unknown}
 m - a scroll of enchant armour {unknown}
 o - a scroll of vulnerability {unknown}
 r - a scroll of immolation {unknown}
 t - 5 scrolls of teleportation
Potions
 a - a potion of might
 c - 2 potions of attraction
 j - a potion of flight
 n - a potion of heal wounds {unknown}
 q - a potion of haste {unknown}


You were on level 5 of the Dungeon.
You worshipped Hepliaklqana.
Hepliaklqana was greatly pleased with you.
You visited 1 branch of the dungeon, and saw 6 of its levels.

You collected 255 gold pieces.

Dungeon Overview and Level Annotations

Branches:
Dungeon (6/15)             Temple (0/1) D:5

Altars:
Hepliaklqana

..## ##.## #..####.......<..
...# #..## ##...##...........
...## ##..# #...............#.
....## #..## #......#.[.....###
.....#####..####...#####.....##
# .......###.......### ##...##
# .........#...##..# ##..##
...........####y.## #...###
..........## ##@R# #.....##
.........## #.y# #.......
.........# #..# ##.###...
........## ##.## #..# ###.
........# #..# #..# ##
........## #..# ##.##
.........## #..#####..# ##
####......### ####....##..#
###.
#........###..........#####...


You could see the friendly Demetirus the hexer and 2 vampire mosquitoes.

Notes
Turn   | Place    | Note
-------+----------+-------------------------------------------
     0 | D:1      | theanonym the Octopode Monk began the quest for the Orb.
     0 | D:1      | Reached XP level 1. HP: 16/16 MP: 1/1
   152 | D:1      | Found a faded altar of an unknown god.
   458 | D:1      | Reached XP level 2. HP: 21/21 MP: 2/2
   763 | D:1      | theanonym: !lg * opmo win s=god
   763 | D:1      | beem: 197 games for * (opmo win): 60x Cheibriados, 28x
                  | Okawaru, 17x Gozag, 11x Ru, 11x Makhleb, 10x Ashenzari, 8x
                  | The Shining One, 7x Nemelex Xobeh, 6x Vehumet, 6x
                  | Hepliaklqana, 6x Elyvilon, 5x Uskayaw, 5x Jiyva, 4x Qazlal,
                  | 4x Xom, 2x Fedhas, 2x Dithmenos, Trog, Zin, Yredelemnul,
                  | Kikubaaqudgha, Wu Jian
   839 | D:2      | Reached XP level 3. HP: 26/26 MP: 3/3
   983 | D:2      | HP: 12/26 [adder (2)]
   984 | D:2      | HP: 5/26 [quokka (4)]
   989 | D:2      | HP: 2/39 [poisoned by an adder]
  1313 | D:2      | Noticed Terence
  1319 | D:2      | Killed Terence
  1320 | D:2      | Reached skill level 1 in Shields
  1320 | D:2      | Reached skill level 4 in Unarmed Combat
  1320 | D:2      | Reached XP level 4. HP: 28/32 MP: 4/4
  2115 | D:1      | Became a worshipper of Hepliaklqana the Forgotten
  2115 | D:1      | Reached * piety under Hepliaklqana
  2115 | D:1      | Reached ** piety under Hepliaklqana
  2116 | D:1      | Remembered your ancestor Demetirus as a hexer
  2391 | D:3      | Reached *** piety under Hepliaklqana
  2831 | D:3      | Reached XP level 5. HP: 29/33 MP: 5/5
  2912 | D:3      | Reached skill level 2 in Shields
  3019 | D:4      | HP: 16/33 [orc wizard/puff of flame (7)]
  3111 | D:4      | Reached skill level 4 in Fighting
  3201 | D:4      | Reached skill level 3 in Shields
  3201 | D:4      | Reached skill level 5 in Unarmed Combat
  3201 | D:4      | Reached XP level 6. HP: 30/38 MP: 6/6
  3382 | D:4      | HP: 18/38 [orc wizard (2)]
  3946 | D:4      | HP: 16/39 [wight (9)]
  3953 | D:4      | HP: 10/36 [wight (15)]
  3957 | D:4      | Reached XP level 7. HP: 26/41 MP: 7/7
  3961 | D:4      | Reached skill level 4 in Shields
  4346 | D:4      | Found a hazy altar of Hepliaklqana.
  4392 | D:5      | Entered Level 5 of the Dungeon
  4422 | D:5      | HP: 22/44 [orc (7)]
  4427 | D:4      | HP: 6/44 [orc priest/divine providence (12)]
  4429 | D:4      | Reached skill level 6 in Unarmed Combat
  4780 | D:5      | Reached skill level 5 in Fighting
  4834 | D:5      | Reached **** piety under Hepliaklqana
  5075 | D:5      | HP: 22/45 [gnoll (9)]
  5114 | D:5      | Reached XP level 8. HP: 30/49 MP: 8/8
  5335 | D:5      | Reached skill level 7 in Unarmed Combat
  5497 | D:5      | Found a staircase to the Ecumenical Temple.
  5945 | D:5      | Reached skill level 6 in Fighting
  6311 | D:6      | Reached skill level 8 in Unarmed Combat
  6317 | D:6      | HP: 24/51 [vampire mosquito (5)]
  6319 | D:5      | HP: 3/51 [vampire mosquito (10)]
  6321 | D:5      | Slain by a vampire mosquito

Vanquished Creatures
  A necrophage (D:5)
  A phantom (D:6)
  A gnoll sergeant (D:5)
  A scorpion (D:5)
  2 water moccasin skeletons
  3 wights (D:4)
  A centaur zombie (D:5)
  A hound (D:5)
  2 jellies (D:4)
  A gnoll shaman (D:5)
  An orc priest (D:4)
  A bullfrog skeleton (D:5)
  Terence (D:2)
  An orc wizard (D:4)
  2 iguanas (D:5)
  3 hound skeletons
  5 gnolls (D:5)
  4 adders
  An ufetubus (D:4)
  3 adder skeletons
  2 worms
  2 dart slugs
  6 orcs
  2 bats
  3 endoplasms
  4 giant cockroaches
  4 goblins
  6 hobgoblins
  7 jackals
  4 kobolds
  A quokka (D:2)
  3 ball pythons
  6 frilled lizards
  3 rats
89 creatures vanquished.

Vanquished Creatures (collateral kills)
  A water moccasin skeleton (D:5)
  A bullfrog skeleton (D:4)
  An orc priest (D:5)
  2 iguanas (D:5)
  3 orc wizards
  An adder (D:4)
  3 gnolls (D:5)
  2 orcs
  A jackal (D:4)
  A rat (D:3)
16 creatures vanquished.

Vanquished Creatures (others)
  2 hexers
2 creatures vanquished.

Grand Total: 107 creatures vanquished

Table legend: (Time is in decaauts)
 A = Elapsed time spent in this place.
 B = Non-inter-level travel time spent in this place.
 C = Inter-level travel time spent in this place.
 D = Time resting spent in this place.
 E = Time spent auto-exploring this place.
 F = Levels seen in this place.
 G = Mean time per level.
                   A        B        C        D        E       F      G
               +--------+--------+--------+--------+--------+-----+--------+
         Total |   6313 |   5989 |    324 |   1555 |   3705 |   6 | 1052.2 |
       Dungeon |   6313 |   5989 |    324 |   1555 |   3705 |   6 | 1052.2 |
               +--------+--------+--------+--------+--------+-----+--------+

Top non-repeatable levels by time:
     D:4: 1680 daAuts
     D:5: 1622 daAuts
     D:2: 1322 daAuts
     D:1: 877 daAuts
     D:3: 789 daAuts
     D:6: 21 daAuts
